 Dungeon Crawl Stone Soup version 0.28.0-53-g5a82cb258f (webtiles) character file.

Game seed: 3829148752005572230

15 safid the Digger (level 2, -1/16 HPs)
             Began as a Gargoyle Earth Elementalist on Sept 6, 2022.
             Frozen to death by an endoplasm (5 damage)
             ... on level 1 of the Dungeon.
             The game lasted 00:00:57 (404 turns).

safid the Digger (Gargoyle Earth Elementalist)       Turns: 404, Time: 00:00:58

Health: -1/16      AC:  5    Str: 11    XL:     2   Next: 50%
Magic:  4/5        EV: 12    Int: 15    God:
Gold:   5          SH:  0    Dex: 10    Spells: 4/5 levels left

rFire   . . .      SeeInvis .   h - +3 short sword
rCold   . . .      Faith    .   (no shield)
rNeg    + . .      Spirit   .   b - +0 robe
rPois   ∞          Reflect  .   (no helmet)
rElec   +          Harm     .   g - +0 cloak
rCorr   .          Rampage  .   (no gloves)
Will    .....                   (no boots)
Stlth   ++........              (no amulet)
HPRegen 0.05/turn               (no ring)
MPRegen 0.09/turn               (no ring)

@: no status effects
A: sickness immunity, AC +2, negative energy resistance 1, electricity
resistance, torment resistance 1, petrification resistance
a: no special abilities


You were on level 1 of the Dungeon.
You visited 1 branch of the dungeon, and saw 1 of its levels.

You collected 5 gold pieces.

Inventory:

Hand Weapons
 h - a +3 short sword (weapon)
Missiles
 c - 23 stones
Armour
 b - a +0 robe (worn)
 g - a +0 cloak (worn)
Scrolls
 a - a scroll of blinking {unknown}
 d - a scroll of holy word {unknown}
 e - 2 scrolls of vulnerability {unknown}
 f - a scroll of identify {unknown}


   Skills:
 + Level 1.0 Fighting
 + Level 1.8 Dodging
 - Level 2.1 Stealth
 + Level 2.2 Spellcasting
 - Level 0.7 Transmutations
 + Level 3.9 Earth Magic


You had 4 spell levels left.
You knew the following spells:

 Your Spells              Type           Power      Damage    Failure   Level
a - Sandblast             Erth           26%        2d8       4%          1

Your spell library contained the following spells:

 Spells                   Type           Power      Damage    Failure   Level
 Passwall                 Tmut/Erth      6%         N/A       13%         2
 Stone Arrow              Conj/Erth      14%        3d7       28%         3
 Petrify                  Tmut/Erth      8%         N/A       63%         4


Dungeon Overview and Level Annotations

Branches:
Dungeon (1/15)

Altars:


Innate Abilities, Weirdness & Mutations

You are immune to sickness and miasma.
Your stone body is resilient. (AC +2)
You are immune to poison.
You resist negative energy. (rN+)
You are resistant to electric shocks. (rElec)
You are resistant to unholy torment.
You are immune to petrification.


Message History

Casting: Sandblast (safe; 4% risk of failure)
Confirm with . or Enter, or press ? or * to list all spells.
Aiming: Sandblast (safe; 4% risk of failure)
Press: ? - help, Shift-Dir - straight line, f - jackal
Aim: a jackal (74% to hit)
The blast of sand hits the jackal.
The jackal is almost dead.
The jackal bites you but does no damage.
Unknown command.
You hit the jackal but do no damage. The jackal barely misses you. x2
The jackal bites you but does no damage.
You hit the jackal.
The jackal is almost dead.
The jackal barely misses you. The jackal bites you.
* * * LOW HITPOINT WARNING * * *
The jackal bites you but does no damage.
Unknown command.
You closely miss the jackal.
The jackal is almost dead.
The jackal completely misses you. The jackal closely misses you.
The jackal bites you but does no damage.
Unknown command.
You hit the jackal but do no damage.
The jackal is almost dead.
The jackal closely misses you. The jackal barely misses you.
The jackal bites you but does no damage.
Unknown command.
You hit the jackal.
You kill the jackal!
The jackal bites you but does no damage.
The jackal closely misses you.
The endoplasm hits you but does no damage.
Your Fighting skill increases to level 1!
Unknown command.
You hit the endoplasm.
The endoplasm is almost dead.
The jackal barely misses you. The endoplasm freezes you.
You are frozen.
You die...

#....... .####.....#
..........# #....#
#....# #....#
########....###
+.....hJB....(#
#.....@######.#
+.......# .#
###.......# .
#.......#.# .
#.##.#.##... ###+#+#
####.#####.. .......
#............
.......##.#).########
..........†..# ##


You could see an endoplasm, a jackal and a giant cockroach.

Vanquished Creatures
  A dart slug (D:1)
  A ball python (D:1)
  A bat (D:1)
  A giant cockroach (D:1)
  4 jackals (D:1)
  A quokka (D:1)
  2 kobolds (D:1)
11 creatures vanquished.

Notes
Turn   | Place    | Note
-------+----------+-------------------------------------------
     0 | D:1      | safid the Gargoyle Earth Elementalist began the quest for
                  | the Orb.
     0 | D:1      | Reached XP level 1. HP: 10/10 MP: 3/3
   147 | D:1      | Reached XP level 2. HP: 5/16 MP: 0/5
   404 | D:1      | Reached skill level 1 in Fighting
   404 | D:1      | Frozen to death by an endoplasm

Illustrated notes

Levels and vault maps discovered:
D:1:      kennysheep_arrival_seaside, layout_basic, serial_shops, shop

Skill      XL: |  1  2 |
---------------+-------+-----
Fighting       | 1 |  1.0
Dodging        | |  1.8
Stealth        | |  2.1
Spellcasting   | |  2.2
Transmutations | |  0.7
Earth Magic    | |  3.9

Action                   || total
-------------------------++-------
Melee: Short sword       ||    32
 Cast: Sandblast         ||     7
Armor: Robe              ||    26
Dodge: Dodged            ||    43
